Map: Orbital Shipyard

Players

Grumm - Winner!

  • Race: Zerg Zerg
  • League: Gold

MrColeslaw

  • Race: Protoss Protoss
  • League: Silver

VOD

Have the link to the VOD?

Description

Time

  • Played on: Feb. 2, 2016, 1:42 p.m.
  • Length: 16:31
Show
View Real Time Build Order
Export as new Build Order

Grumm Zerg - Winner!

Build Orders: Pool First 

Get SALT Encoding   

  12  0:01  Drone  
  13  0:13  Overlord  
  13  0:21  Drone  
  14  0:31  Drone  
  14  0:32  Drone  
  16  0:39  Drone  
  17  0:50  Spawning Pool  
  17  0:52  Drone  
  17  0:56  Drone, Extractor  
  17  1:07  Drone  
  18  1:12  Extractor  
  17  1:19  Overlord  
  17  1:36  Hatchery  
  17  1:37  Drone  
  17  1:45  Zergling x2  
  18  1:51  Lair  
  18  1:57  Drone  
  19  2:10  Drone  
  20  2:22  Evolution Chamber  
  19  2:25  Zergling x4  
  21  3:10  Drone  
  21  3:11  Drone x5  
  26  3:32  Drone x2  
  26  3:33  Queen x2  
  32  3:39  Baneling Nest  
  31  3:44  Zerg Ground Armor Level 1  
  31  3:45  Metabolic Boost  
  31  3:50  Drone x2  
  31  3:51  Drone  
  34  3:57  Overlord  
  34  4:08  Spore Crawler  
  33  4:13  Overlord  
  33  4:17  Zergling x8  
  36  4:34  Zergling x4  
  36  4:37  Baneling x2  
  38  4:39  Zergling x2  
  38  4:43  Zergling x6  
  38  4:44  Zergling x4  
  44  4:55  Zergling x2  
  44  4:56  Zergling x6  
  46  5:06  Baneling  
  46  5:07  Baneling  
  40  5:18  Zergling x12  
  43  5:36  Centrifical Hooks  
  42  5:55  Spore Crawler  
  39  6:06  Zerg Melee Weapons Level 1  
  39  6:10  Drone x3  
  39  6:11  Drone x6, Infestation Pit  
  43  6:32  Baneling x4  
  42  6:33  Baneling  
  42  6:37  Drone  
  42  6:38  Drone x6  
  49  6:41  Extractor  
  49  6:42  Extractor  
  47  6:50  Drone  
  48  7:06  Zergling x2  
  48  7:07  Zergling x6, Hatchery  
  51  7:22  Overlord x4  
  51  7:30  Drone  
  52  7:43  Overseer  
  64  7:58  Hive  
  64  8:07  Roach Warren  
  64  8:09  Hydralisk Den  
  64  8:12  Drone  
  63  8:13  Drone x6  
  69  8:23  Queen  
  69  8:25  Drone  
  69  8:26  Overlord  
  72  8:27  Overlord  
  72  8:35  Pneumatized Carapace  
  72  9:00  Burrow  
  72  9:08  Drone x3  
  72  9:09  Drone x3, Hydralisk  
  78  9:10  Hydralisk x4  
  78  9:12  Hatchery  
  87  9:28  Extractor  
  87  9:30  Extractor  
  85  9:33  Zerg Ground Armor Level 2  
  85  9:34  Ultralisk Cavern  
  84  9:39  Roach x6  
  84  9:42  Overlord  
  96  10:12  Roach  
  96  10:13  Roach x8  
  114  10:20  Overlord x3  
  114  10:21  Chitinous Plating  
  114  10:29  Adrenal Glands  
  114  10:35  Drone  
  115  10:36  Drone x5  
  120  10:54  Overseer x2  
  120  10:57  Ultralisk x2  
  120  10:59  Overlord  
  120  11:02  Drone x2  
  134  11:34  Ultralisk  
  134  11:35  Ultralisk  
  134  11:36  Zergling x12  
  152  11:53  Muscular Augments  
  152  11:54  Overlord x3  
  152  11:57  Extractor  
  152  11:59  Drone  
  152  12:00  Drone, Extractor  
  152  12:46  Hydralisk x12  
  152  12:49  Overlord x4  
  176  13:07  Drone  
  177  13:55  Zerg Missile Weapons Level 1  
  165  14:17  Spire  
  146  14:41  Hydralisk  
  146  14:42  Hydralisk x23  
  146  14:43  Hydralisk x8  
  160  15:06  Zergling x2  
  155  15:07  Zergling x34  
  172  15:16  Ravager  
  172  15:17  Ravager x2  
  167  15:23  Zergling x16  
  167  15:24  Zergling x8  
  176  15:40  Zergling x6  
  176  15:41  Zergling x4  
Show
View Real Time Build Order
Export as new Build Order

MrColeslaw Protoss 

Build Orders: Nexus First 

Get SALT Encoding   

  12  0:02  Probe (Chrono Boost)  
  13  0:14  Pylon  
  13  0:19  Probe (Chrono Boost)  
  14  0:29  Probe (Chrono Boost)  
  15  0:40  Probe (Chrono Boost)  
  16  0:59  Probe (Chrono Boost)  
  16  1:03  Nexus  
  17  1:11  Gateway  
  17  1:14  Probe (Chrono Boost)  
  18  1:19  Assimilator  
  18  1:24  Probe (Chrono Boost)  
  19  1:28  Assimilator  
  19  1:35  Probe (Chrono Boost)  
  20  1:42  Gateway  
  20  1:53  Probe (Chrono Boost)  
  21  2:01  Cybernetics Core  
  21  2:04  Probe (Chrono Boost)  
  22  2:20  Pylon  
  22  2:22  Probe x2 (Chrono Boost)  
  24  2:23  Warp Gate (Chrono Boost)  
  24  2:40  Stalker (Chrono Boost)  
  24  2:44  Stalker (Chrono Boost)  
  26  3:14  Stalker (Chrono Boost)  
  26  3:17  Stalker (Chrono Boost)  
  26  3:19  Probe x2  
  32  3:31  Probe x2  
  34  3:38  Stargate  
  34  3:40  Stalker (Chrono Boost)  
  36  3:43  Probe  
  36  3:47  Stalker (Chrono Boost), Probe  
  40  3:55  Probe  
  40  4:01  Pylon  
  41  4:06  Stalker (Chrono Boost)  
  45  4:17  Stalker (Chrono Boost)  
  45  4:21  Oracle  
  48  4:28  Gateway  
  48  4:30  Gateway  
  46  5:21  Stalker x2  
  42  5:29  Gateway  
  42  5:31  Gateway  
  40  5:36  Void Ray  
  37  6:05  Stalker x3  
  37  6:06  Stalker  
  37  6:10  Probe x2  
  47  6:12  Assimilator  
  47  6:17  Void Ray, Assimilator  
  47  6:22  Probe x2  
  51  6:44  Stalker  
  53  7:09  Nexus  
  53  7:11  Pylon  
  53  7:13  Pylon  
  53  7:15  Pylon  
  53  7:23  Twilight Council  
  53  7:24  Void Ray  
  53  7:25  Forge  
  53  7:26  Forge  
  57  7:31  Stalker x3  
  57  7:32  Stalker  
  65  7:40  Sentry  
  67  7:50  Probe x2  
  69  7:57  Protoss Ground Weapons Level 1 (Chrono Boost)  
  69  8:00  Stalker  
  69  8:02  Probe x2, Protoss Ground Armor Level 1 (Chrono Boost)  
  73  8:14  Probe x2  
  73  8:17  Stalker  
  77  8:22  Stalker  
  79  8:28  Probe  
  80  8:34  Probe  
  80  8:35  Probe  
  80  8:38  Probe  
  83  8:41  Stalker  
  83  8:45  Stalker  
  87  8:49  Probe  
  87  8:54  Void Ray  
  92  9:00  Blink (Chrono Boost)  
  92  9:13  Probe  
  93  9:29  Pylon  
  93  9:30  Pylon  
  93  9:31  Pylon  
  93  9:33  Pylon  
  93  9:34  Pylon  
  93  9:35  Protoss Ground Weapons Level 2  
  93  9:37  Protoss Ground Armor Level 2, Pylon  
  93  9:47  Void Ray, Probe x3  
  100  9:59  Probe  
  101  10:01  Stalker x3  
  101  10:04  Stalker  
  109  10:09  Stalker  
  111  10:21  Protoss Air Weapons Level 1  
  111  10:32  Stalker x3  
  111  10:34  Void Ray  
  121  10:58  Robotics Facility  
  121  11:00  Stalker x2  
  121  11:01  Stalker  
  121  11:02  Stalker x2  
  131  11:09  Pylon  
  131  11:10  Pylon  
  131  11:12  Pylon  
  131  11:14  Gateway  
  131  11:15  Gateway  
  131  11:18  Gateway  
  131  11:20  Probe x3  
  134  11:28  Assimilator  
  134  11:32  Assimilator  
  134  11:33  Protoss Ground Weapons Level 3  
  134  11:37  Protoss Ground Armor Level 3  
  134  11:47  Observer  
  135  11:56  Void Ray  
  135  12:00  Stalker x2  
  143  12:13  Stalker  
  145  12:22  Observer  
  140  12:35  Probe  
  140  12:36  Probe  
  142  12:37  Stalker  
  142  12:39  Void Ray  
  148  12:46  Stargate  
  148  12:49  Probe  
  148  12:50  Probe x2  
  151  13:01  Probe, Stalker x2  
  151  13:02  Stalker x2  
  151  13:03  Stalker x2  
  164  13:08  Nexus  
  164  13:12  Pylon  
  164  13:15  Pylon  
  164  13:19  Pylon  
  164  13:22  Pylon  
  164  13:31  Void Ray  
  161  13:53  Immortal (Chrono Boost)  
  165  14:13  Void Ray  
  169  14:17  Stalker  
  169  14:18  Void Ray  
  175  14:25  Pylon  
  175  14:27  Probe  
  175  14:28  Probe x3, Immortal (Chrono Boost)  
  89  14:56  Void Ray  
  65  15:54  Stalker  
  65  15:55  Stalker x2  
  46  16:04  Stalker  
  46  16:06  Zealot  
  46  16:08  Probe  
  40  16:19  Probe  
Tags
 
Add a new tag
Caveats
  • Supply blocks, unpowered buildings, or Contaminate may cause inaccurate times.
  • Supply counts are checked every 10 seconds.